 Dungeon Crawl Stone Soup version 0.21.0 (webtiles) character file.

416 dengdeng the Slasher (level 7, 0/55 HPs)
             Began as a Human Berserker on Jan 7, 2018.
             Was a Believer of Trog.
             Slain by a gnoll
             ... wielding a +0 club
              (2 damage)
             ... on level 4 of the Dungeon.
             The game lasted 00:17:17 (3862 turns).

dengdeng the Slasher (Human Berserker)              Turns: 3862, Time: 00:17:18

Health: 0/55       AC: 13    Str: 19    XL:     7   Next: 15%
Magic:  7/7        EV:  5    Int:  9    God:    Trog [**....]
Gold:   220        SH:  0    Dex: 13    Spells: 6/6 levels left

rFire    . . .     SeeInvis .   a - +0 falchion
rCold    . . .     Gourm    +   (no shield)
rNeg     . . .     Faith    .   g - +2 plate armour of the Postmodern Cities {+Fly rElec Int+2}
rPois    .         Spirit   .   (no helmet)
rElec    +         Reflect  .   (no cloak)
rCorr    .         Harm     .   s - +0 pair of gloves
MR       .....                  (no boots)
Stlth    ..........             e - amulet of the gourmand
HPRegen  0.18/turn              (no ring)
MPRegen  0.10/turn              (no ring)

@: very heavily drained
A: no striking features
a: Berserk, Trog's Hand, Burn Spellbooks, Renounce Religion, Evoke Flight


You were on level 4 of the Dungeon.
You worshipped Trog.
Trog was pleased with you.
You were very full.

You visited 1 branch of the dungeon, and saw 4 of its levels.

You collected 220 gold pieces.

Inventory:

Hand Weapons
 a - a +0 falchion (weapon)
 d - a +0 spear
 j - a +0 mace
Missiles
 h - 136 stones
 n - 4 tomahawks (quivered)
Armour
 b - a +0 animal skin
 g - the +2 plate armour of the Postmodern Cities (worn) {+Fly rElec Int+2}
   (You found it on level 4 of the Dungeon)

   It affects your intelligence (+2).
   It insulates you from electricity.
   It lets you fly.
 i - a +0 chain mail
 s - a +0 pair of gloves (worn)
Jewellery
 e - an amulet of the gourmand (around neck)
 p - an uncursed ring of magical power
 u - an uncursed ring of fire {unknown}
Scrolls
 k - 5 scrolls of identify
 r - 2 scrolls of amnesia {unknown}
Potions
 f - a potion of curing {unknown}
 l - 2 potions of flight {unknown}
 m - 2 potions of agility {unknown}
 q - a potion of haste {unknown}
 t - a potion of degeneration {unknown}
Books
 o - a book of Changes

   Spells                             Type                      Level
   a - Beastly Appendage              Transmutation                1
   b - Sticks to Snakes               Transmutation                2
   c - Spider Form                    Transmutation/Poison         3
   d - Ice Form                       Ice/Transmutation            4
   e - Blade Hands                    Transmutation                5
   Trog disapproves of the use of such an item.
Comestibles
 c - 9 rations


   Skills:
 + Level 4.4(1.2) Fighting
 + Level 4.8(1.6) Long Blades
 + Level 1.0(0.0) Maces & Flails
 + Level 1.5(0.0) Throwing
 + Level 3.8(0.7) Armour
 + Level 2.4(0.0) Dodging
 + Level 1.1(0.0) Stealth


You had 6 spell levels left.
You didn't know any spells.

Dungeon Overview and Level Annotations

Branches:
Dungeon (4/15)             Temple (0/1) D:4

Altars:
Qazlal


Message History

The gnoll is severely wounded.
The gnoll hits you with a spear.
* * * LOW HITPOINT WARNING * * *
You hit the gnoll.
You kill the gnoll!
Trog accepts your kill.
You hit the gnoll.
The gnoll is heavily wounded.
The gnoll hits you but does no damage.
You hit the gnoll but do no damage.
The gnoll is heavily wounded.
You recover from your berserk rage.
The gnoll hits you but does no damage.
Your plate armour of the Postmodern Cities prevents you from hitting the gnoll.
The gnoll is heavily wounded.
The gnoll hits you but does no damage.
You closely miss the gnoll.
The gnoll is heavily wounded.
The gnoll hits you with a club.
You die...

#.......#.#.#...#
#########...#.###
...#.#.#.##.#.#
............#.#
....#.......#.####
....#..#.........#
#...#..#..#.#.##.#####
#..(##.#..#.#.##.##.[
#......#..#.#.##@##.# #
##.#####....#.##g##.##.#
#[##.........##.#.....##
#.##.#.##..####....# ..
#.##.#....># ####.h#.#.#
#.##.##.#### #...g.....#
#.##....# #.##[##.###
#....##.# # #g# #
###...#.# #.g#


You could see a gnoll.

Vanquished Creatures
  A phantom (D:4)
  A howler monkey (D:4)
  A hound (D:4)
  2 orc wizards
  Terence (D:2)
  3 gnolls (D:4)
  6 adders
  An adder skeleton (D:4)
  4 worms
  2 dart slugs
  2 leopard geckos
  5 orcs
  8 bats
  7 giant cockroaches
  6 goblins
  2 hobgoblins
  8 jackals
  4 quokkas
  2 ball pythons
  2 frilled lizards
  5 kobolds
  7 rats
80 creatures vanquished.

Notes
Turn   | Place    | Note
-------+----------+-------------------------------------------
     0 | D:1      | dengdeng the Human Berserker began the quest for the Orb.
     0 | D:1      | Reached XP level 1. HP: 18/18 MP: 1/1
   253 | D:1      | Reached XP level 2. HP: 24/24 MP: 2/2
   719 | D:1      | Reached XP level 3. HP: 27/29 MP: 3/3
  1065 | D:2      | Reached ** piety under Trog
  1708 | D:2      | Noticed Terence
  1714 | D:2      | Reached XP level 4. HP: 28/36 MP: 4/4
  1717 | D:2      | Killed Terence
  1889 | D:3      | Reached skill level 1 in Stealth
  2104 | D:3      | Reached XP level 5. HP: 17/42 MP: 5/5
  2356 | D:3      | Reached skill level 1 in Throwing
  3038 | D:4      | Noticed a phantom
  3084 | D:4      | Killed a phantom
  3084 | D:4      | Reached skill level 1 in Maces & Flails
  3084 | D:4      | Reached XP level 6. HP: 17/48 MP: 6/6
  3392 | D:4      | Got a crude plate armour
  3393 | D:4      | Identified the +2 plate armour of the Postmodern Cities {+Fly rElec Int+2} (You found it on level 4 of the Dungeon)
  3537 | D:4      | Found a staircase to the Ecumenical Temple.
  3716 | D:4      | Found a stormy altar of Qazlal.
  3843 | D:4      | Reached XP level 7. HP: 14/55 MP: 7/7
  3857 | D:4      | HP: 1/55 [gnoll/spear (5)]
  3862 | D:4      | Slain by a gnoll

Skill      XL: |  1  2  3  4  5 |
---------------+----------------+-----
Stealth        | 1 |  1.1
Long Blades    | 4 |  4.8
Throwing       | 1 |  1.5
Fighting       | 4 |  4.4
Maces & Flails | 1 |  1.0
Armour         | 3 |  3.8
Dodging        | |  2.4

Action                   |  1- 3 |  4- 6 |  7- 9 || total
-------------------------+-------+-------+-------++-------
Melee: Falchion          |    95 |   120 |    18 ||   233
       Mace              |       |    72 |       ||    72
Throw: Stone             |    24 |    14 |       ||    38
       Tomahawk          |       |    10 |       ||    10
Invok: Berserk           |       |     4 |       ||     4
       Trog's Hand       |       |     1 |       ||     1
  Use: Scroll            |     2 |     4 |       ||     6
  Eat: Chunk             |     3 |    19 |       ||    22
Armor: Animal skin       |     9 |       |       ||     9
       Chain mail        |    33 |   134 |       ||   167
       Plate armour      |       |    47 |    18 ||    65
Dodge: Dodged            |    64 |   121 |     7 ||   192
       Rpst.: Falchion   |    25 |    22 |     2 ||    49
